 Dungeon Sprint DCSS version 0.30-a0-465-g8901f6c8b5 (webtiles) character file.

Game seed: 9693275984863547902

373 NinjaNoafa the Nimble (level 10, -3/141 HPs)
             Began as a Merfolk Gladiator on Dec 18, 2022.
             Was a Follower of Uskayaw.
             Slain by a +4 flail of protection (16 damage)
             ... in the Dungeon (Sprint VI: "Thunderdome").
             The game lasted 00:10:33 (1043 turns).

NinjaNoafa the Nimble (Merfolk Gladiator)           Turns: 1043, Time: 00:10:34

Health: -3/141     AC:  9    Str: 28    XL:     10   Next: 80%
Magic:  28/28      EV: 25    Int: 14    God:    Uskayaw [*.....]
Gold:   227        SH:  5    Dex: 26    Spells: 6/9 levels left

rFire   + + .      SeeInvis .    u - +3 Elemental Staff {rElec rF++ rC++ AC+5}
rCold   + + +      Faith    .    (no shield)
rNeg    + + .      Spirit   .    b - +0 leather armour
rPois   .          Reflect  +    c - +0 helmet
rElec   +          Harm     .    (no cloak)
rCorr   .          Rampage  .    (no gloves)
Will    .....      NoTele   +    (no boots)
Stlth   ..........               q - amulet of Vaiwni Kiqy {Reflect rN++ Will- Str+4 Dex+2 SH+5}
HPRegen 0.43/turn                p - ring of Tizxil {Str+7 Int+6}
MPRegen 0.21/turn                v - ring of the Coward {Fly rC+ MP+9 Dex+7}

@: berserking, flying, hasted, very quick
A: (nimble swimmer 2), mertail
}: 1/15 runes: serpentine
a: Renounce Religion, Stomp


You were in the Dungeon.
You worshipped Uskayaw.
Uskayaw was pleased with you.
You visited 1 branch You collected 710 gold pieces.
You spent 483 gold pieces at shops.

Inventory:

Hand Weapons
 u - the +3 Elemental Staff (weapon) {rElec rF++ rC++ AC+5}
   (You found it in the Dungeon)

   If the wielder is skilled in Evocations, they can discharge powerful blasts
   of elemental energy when striking with it.
   It enhances your fire, ice, earth and air magic.
   AC:        It affects your AC (+5).
   rF:        It greatly protects you from fire.
   rC:        It greatly protects you from cold.
   rElec:     It insulates you from electricity.
Missiles
 d - 2 throwing nets
 e - a curare-tipped dart
 f - a javelin (quivered)
 r - 14 poisoned darts
 s - 5 stones
Armour
 b - a +0 leather armour (worn)
 c - a +0 helmet (worn)
Jewellery
 p - the ring of Tizxil (left hand) {Str+7 Int+6}
   (You bought it in a shop in the Dungeon)

   [ring of intelligence]

   Str:       It affects your strength (+7).
   Int:       It affects your intelligence (+6).
 q - the amulet of Vaiwni Kiqy (around neck) {Reflect rN++ Will- Str+4 Dex+2 SH+5}
   (You bought it in a shop in the Dungeon)

   [amulet of reflection]

   It reflects blocked missile attacks.
   Str:       It affects your strength (+4).
   Dex:       It affects your dexterity (+2).
   rN:        It greatly protects you from negative energy.
   SH:        It affects your SH (+5).
   Will:      It decreases your willpower.
 v - the ring of the Coward (right hand) {Fly rC+ MP+9 Dex+7}
   (You bought it in a shop in the Dungeon)

   [ring of magical power]

   Dex:       It affects your dexterity (+7).
   rC:        It protects you from cold.
   MP:        It affects your magic capacity (+9).
   Fly:       It grants you flight.
Wands
 m - a wand of acid (1)
Scrolls
 k - 3 scrolls of blinking
 o - 2 scrolls of fog
Potions
 h - 3 potions of haste
 i - 2 potions of magic
 l - a potion of resistance


   Skills:
 - Level 14.0 Fighting
 - Level 8.0 Short Blades
 + Level 9.0 Staves
 - Level 6.0 Throwing
 - Level 14.0 Dodging
 - Level 12.0 Invocations
 - Level 6.0 Evocations


You had 6 spell levels left.
You knew the following spells:

 Your Spells              Type           Power      Damage    Failure   Level
a - Ozocubu's Armour      Ice            0%         N/A       67%         3

Your spell library contained the following spells:

 Spells                   Type           Power      Damage    Failure   Level
 Ozocubu's Refrigeration  Ice            0%         4d7       100%        7


Dungeon Overview and Level Annotations

Branches:
Dungeon (1/1)

Altars:
Cheibriados
Dithmenos
Fedhas
Gozag
Kikubaaqudgha
Makhleb
Okawaru
Qazlal
Ru
Sif Muna
Trog
Uskayaw
Vehumet
Wu Jian
Xom
Yredelemnul
Zin
The Shining One
Lugonu

Shops:
D *[??*?*:[((!!!!


Innate Abilities, Weirdness & Mutations

((You are very nimble when in or above water. (Stealth+, EV+, Speed+++)))
Your lower body shifts to a powerful aquatic tail in water.


Message History

You feel much better.
The deep elf archer shoots an arrow.
The arrow hits you! The +4 flail of protection hits you!
* * * LOW HITPOINT WARNING * * *
You feel much better. The +4 flail of protection misses you.
The deep elf archer shoots an arrow.
The arrow hits you!
The deep elf archer shoots an arrow.
The arrow completely misses you.
The +4 flail of protection completely misses you.
Blink to where?
Press: ? - help, Dir - move target
As you read the scroll of blinking, it crumbles to dust.
As you read the scroll of fog, it crumbles to dust.
The scroll dissolves into smoke.
The +4 flail of protection hits you!
You barely miss the +4 flail of protection.
The +4 flail of protection completely misses you.
You miss the +4 flail of protection. The +4 flail of protection hits you!
* * * LOW HITPOINT WARNING * * *
You hit the +4 flail of protection.
The +4 flail of protection is lightly damaged.
The +4 flail of protection hits you!
* * * LOW HITPOINT WARNING * * *
You feel much better.
You block the +4 flail of protection's attack.
The +4 flail of protection hits you!
* * * LOW HITPOINT WARNING * * *
The deep elf archer shoots an arrow.
The arrow completely misses you.
You feel yourself speed up. The +4 flail of protection hits you!
* * * LOW HITPOINT WARNING * * *
The deep elf archer shoots an arrow.
The arrow closely misses you.
You block the +4 flail of protection's attack.
The deep elf archer shoots an arrow.
The arrow completely misses you.
The deep elf archer points at you and mumbles some strange words.
You barely resist.
A red film seems to cover your vision as you go berserk!
You feel yourself moving faster!
You feel mighty!
The +4 flail of protection completely misses you.
You miss the +4 flail of protection.
You barely miss the +4 flail of protection.
The +4 flail of protection hits you!
You die...

#####.8.....§§§§8§######
.__......)###§§§§..___∩##
")"..)).8.# #.8§§......∩###
=....[)...###.§e..........##
......u###...###e.........⌠#
....).)# #.<.# #..........⌠#
......)###...###..........⌠#
.....)....###...(.........##
........8.# #.8.@.)....∩###
∩___......###...)..__.∩##
#####.8.........8.######
#⌠...........⌠#
###.........### #_........#
#_......._# #_......._#
#∩.......∩#


You could see 2 deep elf archers and a +4 flail of protection.

Vanquished Creatures
  Aizul (D)
  7 ugly things (D)
  A salamander (D)
  An ogre (D)
  4 kobold brigands (D)
  A necrophage (D)
  5 vampire bats (D)
  A hound (D)
  A gnoll bouda (D)
  4 gnolls (D)
  An endoplasm (D)
  A jackal (D)
  A kobold (D)
  A rat (D)
30 creatures vanquished.

Notes
Turn   | Place    | Note
-------+----------+-------------------------------------------
     0 | D        | NinjaNoafa the Merfolk Gladiator began the quest for the
                  | Orb.
     0 | D        | Reached XP level 1. HP: 16/16 MP: 1/1
     1 | D        | Found an iron altar of Okawaru.
     1 | D        | Found a bloodstained altar of Trog.
     2 | D        | Found a shimmering altar of Xom.
     2 | D        | Found a glowing silver altar of Zin.
     4 | D        | Found a stormy altar of Qazlal.
     4 | D        | Found a corrupted altar of Lugonu.
     4 | D        | Found Ocwe's Staff Store.
     4 | D        | Found Yfiaskent's Magic Scroll Shop.
     5 | D        | Found Tocaus's Must-Have Magic.
     5 | D        | Found Cicoso's Magic Scroll Shop.
     5 | D        | Round 1.
     9 | D        | Found a hide-covered altar of Uskayaw.
    10 | D        | Found an ornate altar of the Wu Jian Council.
    12 | D        | Found Paxosog's Jewellery.
    12 | D        | Found Femadok's Advanced Armour.
    17 | D        | Became a worshipper of Uskayaw the Reveller
    18 | D        | Found a shadowy altar of Dithmenos.
    18 | D        | Found a glowing golden altar of the Shining One.
    18 | D        | Found an opulent altar of Gozag.
    18 | D        | Found Bixoxkas's Identification Station.
    26 | D        | Reached * piety under Uskayaw
    27 | D        | Found an ancient bone altar of Kikubaaqudgha.
    39 | D        | Bought an ancient silver amulet for 45 gold pieces
    39 | D        | Identified the amulet "Jeuzuez" {Acrobat Rampage rF+ Dex-5}
                  | (You bought it in a shop in the Dungeon)
    39 | D        | Bought a bound crystal amulet for 45 gold pieces
    39 | D        | Identified the amulet of Sozirgh {Spirit +Blink rCorr
                  | Int-4} (You bought it in a shop in the Dungeon)
    39 | D        | Bought a brightly glowing graven amulet for 45 gold pieces
    39 | D        | Identified the amulet of Fugoyj {Regen+ Dex+2} (You bought
                  | it in a shop in the Dungeon)
    57 | D        | Bought a heavily runed bronze ring for 45 gold pieces
    57 | D        | Identified the ring of Tizxil {Str+7 Int+6} (You bought it
                  | in a shop in the Dungeon)
    67 | D        | Noticed a necrophage
    72 | D        | Found a radiant altar of Vehumet.
    76 | D        | Reached ** piety under Uskayaw
    80 | D        | Reached *** piety under Uskayaw
    81 | D        | Killed a necrophage
    82 | D        | Reached skill level 5 in Fighting
    82 | D        | Reached XP level 2. HP: 27/27 MP: 2/2
    82 | D        | Reached XP level 3. HP: 33/33 MP: 3/3
    82 | D        | Reached XP level 4. HP: 39/39 MP: 4/4
    82 | D        | Found a basalt altar of Yredelemnul.
    82 | D        | Found Dits's Premium Goods.
    83 | D        | Found Ulusav's Miscellaneous Merchandise.
    83 | D        | Found Huocum's Basic Armour.
    84 | D        | Found a burning altar of Makhleb.
    84 | D        | Found a sacrificial altar of Ru.
    84 | D        | Found Boloubi's Weapon Rack.
    90 | D        | Found a snail-covered altar of Cheibriados.
   107 | D        | Found a shimmering blue altar of Sif Muna.
   109 | D        | Found Qaufi's Do-It-Yourself Clinic.
   109 | D        | Found a blossoming altar of Fedhas.
   109 | D        | Found Gejuradumn's Distillery.
   110 | D        | Found Igochu's Bottled Wisdom.
   110 | D        | Found Xatyd's Distillery.
   122 | D        | Noticed an ogre
   141 | D        | Killed an ogre
   142 | D        | Reached XP level 5. HP: 46/46 MP: 4/6
   167 | D        | Arena points: 6 (+6) [x1]
   182 | D        | Round 2.
   297 | D        | Reached XP level 6. HP: 26/53 MP: 8/8
   309 | D        | Arena points: 34 (+28) [x2]
   316 | D        | Bought a shimmering sapphire amulet for 45 gold pieces
   316 | D        | Identified the amulet of Vaiwni Kiqy {Reflect rN++ Will-
                  | Str+4 Dex+2 SH+5} (You bought it in a shop in the Dungeon)
   367 | D        | Round 3.
   456 | D        | Reached skill level 5 in Throwing
   456 | D        | Reached skill level 5 in Invocations
   466 | D        | Reached skill level 10 in Dodging
   466 | D        | Reached XP level 7. HP: 37/61 MP: 4/11
   485 | D        | Reached skill level 5 in Evocations
   511 | D        | Arena points: 52 (+18) [x1]
   526 | D        | Round 4.
   679 | D        | Arena points: 76 (+24) [x1]
   694 | D        | Round 5.
   718 | D        | Noticed a salamander
   721 | D        | Noticed Aizul
   726 | D        | Killed a salamander
   727 | D        | Reached skill level 10 in Fighting
   727 | D        | Reached XP level 8. HP: 72/72 MP: 11/14
   727 | D        | Noticed a salamander
   733 | D        | Reached **** piety under Uskayaw
   735 | D        | Killed Aizul
   735 | D        | Arena points: 181 (+105) [x3]
   735 | D        | Found the +3 Elemental Staff {rElec rF++ rC++ AC+5}
   735 | D        | Reached ***** piety under Uskayaw
   736 | D        | Reached skill level 10 in Invocations
   790 | D        | Got a serpentine rune of Zot
   816 | D        | Bought an ancient amber ring for 45 gold pieces
   816 | D        | Identified the ring "Juottism" {Fly Str+2} (You bought it
                  | in a shop in the Dungeon)
   816 | D        | Bought a clouded bronze ring for 45 gold pieces
   816 | D        | Identified the ring of the Coward {Fly rC+ MP+9 Dex+7} (You
                  | bought it in a shop in the Dungeon)
   928 | D        | Round 6.
   928 | D        | Noticed a brown ugly thing
   929 | D        | Noticed a red ugly thing
   929 | D        | Reached skill level 5 in Staves
   929 | D        | Reached XP level 9. HP: 82/82 MP: 16/16
   933 | D        | Noticed a cyan ugly thing
   933 | D        | Noticed a white ugly thing
   937 | D        | Noticed a red ugly thing
   941 | D        | Noticed a purple ugly thing
   942 | D        | Noticed a green ugly thing
   945 | D        | Killed a red ugly thing
   946 | D        | Reached XP level 10. HP: 71/90 MP: 17/17
   950 | D        | Killed a white ugly thing
   950 | D        | Killed a cyan ugly thing
   951 | D        | Killed a red ugly thing
   951 | D        | Killed a purple ugly thing
   954 | D        | Killed a red ugly thing
   961 | D        | Reached ****** piety under Uskayaw
   965 | D        | Killed a red ugly thing
   965 | D        | Arena points: 373 (+192) [x4]
   976 | D        | Bought Ozocubu's Autobiography for 168 gold pieces
   981 | D        | Learned a level 3 spell: Ozocubu's Armour
  1017 | D        | Round 7.
  1018 | D        | Noticed a deep elf archer
  1019 | D        | Noticed a +4 flail of protection
  1019 | D        | Noticed a deep elf archer
  1043 | D        | Slain by a +4 flail of protection

Illustrated notes

Levels and vault maps discovered:
D:        arena_sprint

Skill      XL: |  1  2  3  4  5  6  7  8  9 10 |
---------------+-------------------------------+-----
Short Blades   | 6 7 8 |  8.0
Fighting       | 5 6 7 10 12 14 | 14.0
Dodging        | 7 8 10 12 14 | 14.0
Throwing       | 3 4 5 6 |  6.0
Invocations    | 2 3 5 8 10 12 | 12.0
Evocations     | 2 3 4 6 |  6.0
Staves         | 5 6 9 |  9.0

Action                   |  1- 3 |  4- 6 |  7- 9 | 10-12 || total
-------------------------+-------+-------+-------+-------++-------
Melee: Rapier            |    17 |    63 |    37 |       ||   117
       Punch             |       |     1 |     3 |     1 ||     5
       Staff             |       |       |     8 |    21 ||    29
Throw: Throwing net      |     1 |     2 |       |       ||     3
       Javelin           |     1 |     2 |     1 |       ||     4
Invok: Stomp             |       |     2 |       |       ||     2
Evoke: Wand              |       |     3 |     5 |     1 ||     9
  Use: Potion            |       |       |     2 |     6 ||     8
       Scroll            |       |       |       |     2 ||     2
 Stab: Paralysed         |     1 |       |     4 |     1 ||     6
       Held in net/web   |     1 |       |       |       ||     1
Armor: Leather armour    |     2 |     8 |    10 |       ||    20
Dodge: Dodged            |     7 |    47 |    47 |    18 ||   119
Block: Other             |       |     7 |     9 |     8 ||    24
       Reflection        |       |     2 |       |     3 ||     5

Table legend: (Time is in decaauts)
 A = Elapsed time spent in this place.
 B = Non-inter-level travel time spent in this place.
 C = Inter-level travel time spent in this place.
 D = Time resting spent in this place.
 E = Time spent auto-exploring this place.
 F = Levels seen in this place.
 G = Mean time per level.
                   A        B        C        D        E       F      G
               +--------+--------+--------+--------+--------+-----+--------+
         Total |   1018 |    977 |     41 |     27 |    401 |   1 | 1018.0 |
       Dungeon |   1018 |    977 |     41 |     27 |    401 |   1 | 1018.0 |
               +--------+--------+--------+--------+--------+-----+--------+

Top non-repeatable levels by time:
       D: 1018 daAuts
